 Dungeon Crawl Stone Soup version 0.22-a0-558-gc224181 (webtiles) character file.

240 iamserjio the Chopper (level 6, 0/33 HPs)
             Began as a Gargoyle Fighter on June 27, 2018.
             Was an Initiate of Okawaru.
             Slain by a gnoll
             ... wielding a +0 spear
              (4 damage)
             ... on level 4 of the Dungeon.
             The game lasted 00:03:42 (504 turns).

iamserjio the Chopper (Gargoyle Fighter)             Turns: 504, Time: 00:03:43

Health: 0/33       AC: 11    Str: 18 (21) XL:     6   Next: 8%
Magic:  8/15       EV:  7    Int:  7 (8)  God:    Okawaru [......]
Gold:   45         SH:  8    Dex:  9 (10) Spells: 5/5 levels left

rFire    . . .     SeeInvis .   a - +0 war axe
rCold    . . .     Gourm    .   c - +0 shield
rNeg     + . .     Faith    .   b - +0 scale mail
rPois    ∞         Spirit   .   (no helmet)
rElec    +         Reflect  .   (no cloak)
rCorr    .         Harm     .   (no gloves)
MR       +....                  (no boots)
Stlth    ..........             (no amulet)
HPRegen  0.11/turn              d - ring of magical power
MPRegen  0.14/turn              (no ring)

@: berserk cooldown, slowed, very slow
A: frail 1, magic resistance 1, negative energy resistance 1, electricity
resistance, unbreathing, petrification resistance, rot immunity, AC +4
a: Renounce Religion


You were on level 4 of the Dungeon.
You worshipped Okawaru.
Okawaru was noncommittal.
You were not hungry.

You visited 2 branches of the dungeon, and saw 6 of its levels.

You collected 45 gold pieces.

Inventory:

Hand Weapons
 a - a +0 war axe (weapon)
Armour
 b - a +0 scale mail (worn)
 c - a +0 shield (worn)
Jewellery
 d - a ring of magical power (left hand)
Scrolls
 e - a scroll of remove curse {@r2}
 i - a scroll of identify {unknown}
Comestibles
 f - a ration


   Skills:
 + Level 3.5 Fighting
 * Level 5.2 Axes
 + Level 3.5 Armour
 - Level 3.2 Shields
 + Level 1.0 Invocations


You had 5 spell levels left.
You didn't know any spells.
Your spell library was empty.

Dungeon Overview and Level Annotations

Branches:
Dungeon (5/15)             Temple (1/1) D:4

Altars:
Ashenzari
Dithmenos
Elyvilon
Fedhas
Gozag
Hepliaklqana
Kikubaaqudgha
Nemelex Xobeh
Okawaru
Sif Muna
Trog
Yredelemnul
Zin
The Shining One


Innate Abilities, Weirdness & Mutations

You are resistant to torment.
Your stone body is resilient. (AC +4)
You are immune to poison.
You resist negative energy. (rN+)
You are resistant to electric shocks. (rElec)
You can survive without breathing.
You are immune to petrification.
You are immune to rotting.
You are frail. (-10% HP)
You are resistant to hostile enchantments. (MR+)


Message History

You kill the gnoll!
Okawaru accepts your kill. The gnoll hits you but does no damage.
The gnoll closely misses you.
You closely miss the gnoll. The gnoll hits you but does no damage.
The gnoll hits you with a whip.
* * * LOW HITPOINT WARNING * * *
The gnoll hits you from afar with a spear.
* * * LOW HITPOINT WARNING * * *
The gnoll hits you but does no damage.
It was a potion of mutation.
You feel extremely strange.
You feel frail.
You feel resistant to hostile enchantments.
The gnoll barely misses you. You block the gnoll's attack.
The gnoll barely misses you.
It was a potion of degeneration.
There was something very wrong with that liquid.
You feel weakened.
You feel dopey.
You feel clumsy. You block the gnoll's attack.
The gnoll hits you from afar with a spear.
You die...

..... ....# ..... ....
#.... ...#
##....##...###.
#..<....'.......
#.....#888#.....
#.....8...8.....
#.....8.>.8.#
..[...8)@)8####
##...#8g8#.....
#.....g........ #####
#...%..........
##...###..............
#.._..###....##.......
#.......#'#### .....##
#............# .....#
#.<..........# .....#


You could see 2 gnolls.

Vanquished Creatures
  A howler monkey (D:4)
  A bullfrog skeleton (D:4)
  An iguana (D:4)
  A worker ant (D:5)
  An adder (D:4)
  9 gnolls
  An adder zombie (D:4)
  3 orcs (D:4)
  2 goblins
  3 hobgoblins
  A ball python (D:2)
  2 kobolds
  A rat (D:2)
27 creatures vanquished.

Notes
Turn   | Place    | Note
-------+----------+-------------------------------------------
     0 | D:1      | iamserjio the Gargoyle Fighter began the quest for the Orb.
     0 | D:1      | Reached XP level 1. HP: 14/14 MP: 1/1
    43 | D:1      | Reached skill level 2 in Axes
    89 | D:2      | Reached XP level 2. HP: 13/19 MP: 2/2
    89 | D:2      | Reached skill level 3 in Axes
    89 | D:2      | Reached XP level 3. HP: 16/23 MP: 3/3
   231 | D:4      | Reached XP level 4. HP: 27/28 MP: 4/4
   233 | D:4      | Reached skill level 4 in Axes
   272 | D:5      | Entered Level 5 of the Dungeon
   310 | D:4      | Found a bloodstained altar of Trog.
   318 | D:4      | Reached XP level 5. HP: 24/32 MP: 5/5
   347 | D:4      | Found a staircase to the Ecumenical Temple.
   362 | Temple   | Entered the Ecumenical Temple
   470 | Temple   | Became a worshipper of Warmaster Okawaru
   489 | D:4      | Reached skill level 5 in Axes
   494 | D:4      | Reached skill level 1 in Invocations
   494 | D:4      | Reached XP level 6. HP: 14/37 MP: 6/6
   503 | D:4      | Gained mutation: You are frail. (-10% HP) [potion of mutation]
   503 | D:4      | Gained mutation: You are resistant to hostile enchantments. (MR+) [potion of mutation]
   504 | D:4      | Slain by a gnoll

Vault maps used:
D:1:      matt_arrival_grand_opening, grunt_decor_resistance
D:2:      minmay_wonky_spiral
D:3:      kennysheep_generic_room_10
D:4:      bloody_trog, minmay_temple_entry_statues, uniq_edmund
D:5:      kennysheep_little_box, first_ration, ebering_ghost_sewer_f,
          kennysheep_cross_room, uniq_blork_the_orc
Temple:   nicolae_temple_figure_eight

Skill      XL: |  1  2  3  4  5 |
---------------+----------------+-----
Axes           | 2 3 4 5 |  5.2
Invocations    | 1 |  1.0
Fighting       | |  3.5
Armour         | |  3.5
Shields        | |  3.2

Action                   |  1- 3 |  4- 6 || total
-------------------------+-------+-------++-------
Melee: War axe           |    33 |    43 ||    76
  Use: Potion            |     1 |     3 ||     4
       Scroll            |       |     1 ||     1
Armor: Scale mail        |    18 |    46 ||    64
Dodge: Dodged            |    12 |    22 ||    34
Block: Shield            |    24 |    44 ||    68

Table legend:
 A = Spawn XP
 B = Non-spawn XP
 C = Spawn XP percentage of total XP
 D = Spawn monster count
 E = Non-spawn monster count
 F = Spawn count percentage of total count
 G = Total turns spent on level
                    A         B        C        D         E        F      G
               +---------+---------+-------+---------+---------+-------+---------
         Total |       0 |     343 |   0.0 |       0 |      27 |   0.0 |   504
               +---------+---------+-------+---------+---------+-------+---------
           D:1 |       0 |       5 |   0.0 |       0 |       3 |   0.0 |    79
           D:2 |       0 |      65 |   0.0 |       0 |       9 |   0.0 |    95
           D:3 |       0 |       2 |   0.0 |       0 |       1 |   0.0 |    53
           D:4 |       0 |     238 |   0.0 |       0 |      13 |   0.0 |   114
           D:5 |       0 |      33 |   0.0 |       0 |       1 |   0.0 |    38
               +---------+---------+-------+---------+---------+-------+---------
